 Dungeon Sprint DCSS version 0.32-a0-411-g744942f433 (webtiles) character file.

Game seed: 9147433629787880776

6 shadowstone the Trooper (level 3, 0/31 HPs)
             Began as a Coglin Fighter on Feb 20, 2024.
             Was an Initiate of Qazlal.
             Slain by Sigmund
             ... wielding a +0 scythe
              (5 damage)
             ... in the Dungeon (Sprint VI: "Thunderdome").
             The game lasted 00:02:24 (236 turns).

shadowstone the Trooper (Coglin Fighter)             Turns: 236, Time: 00:02:25

Health: 0/31       AC:  7    Str: 16    XL:     3   Next: 79%
Magic:  3/3        EV:  9    Int:  7    God:    Qazlal [......]
Gold:   105        SH:  0    Dex: 15    Spells: 2/2 levels left

rFire   . . .        o - +0 hand cannon {Jacinta}
rCold   . . .        a - +0 long sword {Hidetaka}
rNeg    . . .        b - +0 scale mail
rPois   .            (no helmet)
rElec   .            (no cloak)
rCorr   .            (no gloves)
SInv    .            (no boots)
Will    .....        (no amulet) Stlth
                     (no ring)
HPRegen 0.25/turn    (no ring)
MPRegen 0.08/turn

%: no teleportation
@: revved
A: off-hand wielding, slow wielding, warmup strikes, legs shutdown
a: Renounce Religion


You were in the Dungeon.
You worshipped Qazlal.
Qazlal was noncommittal.
You visited 1 branch You collected 210 gold pieces.
You spent 105 gold pieces at shops.

Inventory:

Hand Weapons
 a - a +0 long sword (offhand) {Hidetaka}
 o - a +0 hand cannon (weapon) {Jacinta}
Armour
 b - a +0 scale mail (worn)
 c - a +0 buckler
Wands
 l - a wand of quicksilver (5)
 m - a wand of iceblast (5)
Scrolls
 j - 4 scrolls of blinking
 n - 3 scrolls of fog
Potions
 d - a potion of might
 e - a potion of curing
 f - 4 potions of heal wounds
 g - 4 potions of haste
 h - 2 potions of magic
 i - a potion of berserk rage
 k - a potion of resistance


   Skills:
 + Level 4.5 Fighting
 + Level 2.2 Long Blades
 + Level 2.8 Ranged Weapons
 + Level 4.5 Armour
 + Level 0.5 Dodging
 + Level 3.1 Shields


You had 2 spell levels left.
You didn't know any spells.
Your spell library was empty.

Dungeon Overview and Level Annotations

Branches:
Dungeon (1/1)

Altars:
Cheibriados
Dithmenos
Fedhas
Gozag
Kikubaaqudgha
Makhleb
Okawaru
Qazlal
Ru
Sif Muna
Trog
Uskayaw
Vehumet
Wu Jian
Xom
Yredelemnul
Zin
The Shining One
Beogh
Lugonu

Shops:
D *[=??*?*:[((!!!!

Annotations:
D Sigmund


Innate Abilities, Weirdness & Mutations

You can wield a second weapon in your off-hand.
It takes a long time for you to wield or remove held weapons.
Your first few attacks do less damage.
Attacking and casting redirects power from your legs.


Message History

Your Shields skill increases to level 3!
You have reached level 3!
Your experience leads to an increase in your attributes!
Increase (S)trength, (I)ntelligence, or (D)exterity?
You feel agile. x2
You shoot a bolt. The bolt completely misses Sigmund.
Sigmund shouts!
You shoot a bolt. The bolt barely misses Sigmund.
You shoot a bolt. The bolt barely misses Sigmund.
Sigmund barely misses you. x2
You shoot a bolt. The bolt hits Sigmund.
Sigmund is lightly wounded.
Sigmund hits you from afar with a +0 scythe!
You are too injured to fight recklessly!
You are too injured to fight recklessly!
You are too injured to fight recklessly!
You are too injured to fight recklessly!
You are too injured to fight recklessly!
You are too injured to fight recklessly!
Sigmund closely misses you. Sigmund barely misses you.
Sigmund hits you with a +0 scythe.
You shoot a bolt. The bolt closely misses Sigmund.
Sigmund barely misses you.
You shoot a bolt. The bolt hits Sigmund!
Sigmund is heavily wounded.
Sigmund hits you with a +0 scythe.
* * * LOW HITPOINT WARNING * * *
A rat comes into view.
Sigmund hits you but does no damage.
You shoot a bolt. The bolt barely misses Sigmund.
The rat squeaks loudly.
Sigmund hits you with a +0 scythe.
* * * LOW HITPOINT WARNING * * *
You shoot a bolt. The bolt hits Sigmund!
Sigmund is severely wounded.
Sigmund closely misses you.
You shoot a bolt. The bolt hits Sigmund.
Sigmund is almost dead.
Sigmund hits you but does no damage. Sigmund hits you with a +0 scythe.
You die...
Sigmund begins carving another notch in his scythe.

#_...†..._# #.........#
#_......._# ###........)###
#⌠...........⌠#
######.ß.........ß.######
##∩___.....r###......___∩##
###∩........ß@# #.ß........∩##
##...........☼@###.............
#⌠..........###...###..........
#⌠..........# #.<.# #..........
#⌠..........###...###..........
##.............###.............
###∩........ß.# #.ß........∩##
##∩_._......###......___∩##
######.ß.........ß.######
#⌠...........⌠#


You could see Sigmund and a rat.

Vanquished Creatures
  A hound (D)
  An adder (D)
  An orc (D)
  An endoplasm (D)
  A jackal (D)
  A kobold (D)
6 creatures vanquished.

Notes
Turn   | Place    | Note
-------+----------+-------------------------------------------
     0 | D        | shadowstone the Coglin Fighter began the quest for the Orb.
     0 | D        | Reached XP level 1. HP: 18/18 MP: 1/1
     4 | D        | Found a sacrificial altar of Ru.
     4 | D        | Found a roughly hewn altar of Beogh.
     5 | D        | Found an iron altar of Okawaru.
     5 | D        | Found a burning altar of Makhleb.
     5 | D        | Round 1.
     6 | D        | Found an ancient bone altar of Kikubaaqudgha.
     6 | D        | Found a glowing golden altar of the Shining One.
     7 | D        | Found a blossoming altar of Fedhas.
     7 | D        | Found a stormy altar of Qazlal.
     7 | D        | Found Ficaxasy's Weapon Rack.
     7 | D        | Found Zusip's Premium Goods.
     8 | D        | Found Kobrom's Do-It-Yourself Clinic.
     8 | D        | Found Huiduysu's Basic Armour.
     8 | D        | Found Weantyra's Miscellaneous Merchandise.
    15 | D        | Bought a +0 hand cannon for 105 gold pieces
    64 | D        | Found an opulent altar of Gozag.
    88 | D        | Found an ornate altar of the Wu Jian Council.
    88 | D        | Found a corrupted altar of Lugonu.
    88 | D        | Found a radiant altar of Vehumet.
    88 | D        | Found Gagiys's Distillery.
    89 | D        | Found Uturch's Bottled Wisdom.
    89 | D        | Found Hajo's Distillery.
    98 | D        | Found a hide-covered altar of Uskayaw.
   105 | D        | Reached XP level 2. HP: 24/24 MP: 2/2
   105 | D        | Found a shimmering blue altar of Sif Muna.
   107 | D        | Found Ada Rau's Staff Store.
   109 | D        | Found Howadaot's Must-Have Magic.
   109 | D        | Found Heomil's Magic Scroll Shop.
   111 | D        | Found a glowing silver altar of Zin.
   111 | D        | Found a shimmering altar of Xom.
   111 | D        | Found Zeurph's Magic Scroll Shop.
   118 | D        | Found a basalt altar of Yredelemnul.
   121 | D        | Reached skill level 1 in Ranged Weapons
   126 | D        | Found a bloodstained altar of Trog.
   127 | D        | Found a shadowy altar of Dithmenos.
   127 | D        | Found Bosaagh's Timeless Talismans.
   129 | D        | Found Qabuwun's Jewellery.
   129 | D        | Found Kualehev's Advanced Armour.
   130 | D        | Found a snail-covered altar of Cheibriados.
   130 | D        | Found Mune's Identification Station.
   170 | D        | Arena points: 6 (+6) [x1]
   185 | D        | Round 2.
   189 | D        | Became a worshipper of Qazlal Stormbringer
   222 | D        | Noticed Sigmund
   223 | D        | Reached XP level 3. HP: 20/31 MP: 3/3
   236 | D        | Slain by Sigmund

Illustrated notes

Levels and vault maps discovered:
D:        arena_sprint

Skill      XL: |  1  2 |
---------------+-------+-----
Armour         | 3 4 |  4.5
Ranged Weapons | 2 |  2.8
Fighting       | 4 |  4.5
Shields        | 3 |  3.1
Long Blades    | |  2.2
Dodging        | |  0.5

Action                     || total
---------------------------++-------
   Fire: Hand cannon       ||    31
 Armour: Scale mail        ||    35
  Dodge: Dodged            ||    26

Table legend: (Time is in decaauts)
 A = Elapsed time spent in this place.
 B = Non-inter-level travel time spent in this place.
 C = Inter-level travel time spent in this place.
 D = Time resting spent in this place.
 E = Time spent auto-exploring this place.
 F = Levels seen in this place.
 G = Mean time per level.
                   A        B        C        D        E       F      G
               +--------+--------+--------+--------+--------+-----+--------+
         Total |    267 |    257 |     10 |      0 |      0 |   1 |  267.0 |
       Dungeon |    267 |    257 |     10 |      0 |      0 |   1 |  267.0 |
               +--------+--------+--------+--------+--------+-----+--------+

Top non-repeatable levels by time:
       D: 267 daAuts
